 Dungeon Crawl Stone Soup version 0.24-b1-44-g37ad8b309f (webtiles) character file.

Game seed: 70374650827334892, levelgen mode: deterministic

12681 Edgeworth the Basher (level 11, -13/71 HPs)
             Began as a Gargoyle Fighter on Oct 24, 2019.
             Was a Follower of Ashenzari.
             Mangled by sneaky's ghost (22 damage)
             ... on level 1 of the Lair of Beasts.
             The game lasted 00:26:06 (9341 turns).

Edgeworth the Basher (Gargoyle Fighter)             Turns: 9341, Time: 00:26:07

Health: -13/71     AC: 27    Str: 31    XL:     11   Next: 97%
Magic:  11/11      EV: 12    Int:  9    God:    Ashenzari [*.....]
Gold:   413        SH: 14    Dex: 17    Spells: 10/10 levels left

rFire    . . .     SeeInvis .   b - +6 flail (venom) (curse)
rCold    . . .     Gourm    .   c - +0 shield (curse)
rNeg     + . .     Faith    .   E - +1 plate armour
rPois    ∞         Spirit   .   u - +0 hat
rElec    +         Reflect  .   N - +0 cloak
rCorr    .         Harm     .   I - +0 pair of fencer's gloves {Riposte Dex+3} (curse)
MR       +....                  e - +0 pair of boots
Stlth    ..........             (no amulet)
HPRegen  0.21/turn              H - +3 ring of strength
MPRegen  0.12/turn              T - ring of protection from magic (curse)

@: mighty, agile
A: negative energy resistance 1, electricity resistance, unbreathing,
petrification resistance, rot immunity, AC +8
a: Curse Item, Scrying, Renounce Religion


You were on level 1 of the Lair of Beasts.
You worshipped Ashenzari.
Ashenzari was aware of your devotion.
You were not hungry.

You visited 3 branches of the dungeon, and saw 12 of its levels.
You also visited: Sewer and Ossuary.

You collected 973 gold pieces.
You spent 560 gold pieces at shops.

Inventory:

Hand Weapons
 a - a +0 flail
 b - a cursed +6 flail of venom (weapon)
 k - a +2 mace of venom
Armour
 c - a cursed +0 shield (worn)
 e - a +0 pair of boots (worn)
 q - a cursed +2 pair of gloves of archery
 u - a +0 hat (worn)
 v - a +0 chain mail
 w - a cursed +0 chain mail
 E - a +1 plate armour (worn)
 I - the cursed +0 pair of fencer's gloves (worn) {Riposte Dex+3}
   (You bought it in a shop on level 6 of the Dungeon)

   It affects your dexterity (+3).
   It has a curse placed upon it.
 N - a +0 cloak (worn)
 P - a scarf of spirit shield
Jewellery
 H - a +3 ring of strength (left hand)
 T - a cursed ring of protection from magic (right hand)
Wands
 t - a wand of iceblast (10)
 B - a wand of flame (14)
 M - a wand of digging (8)
 Q - a wand of acid (11)
 S - a wand of clouds (3)
Scrolls
 h - 4 scrolls of identify
 i - 4 scrolls of remove curse
 j - 3 scrolls of teleportation
 l - 6 scrolls of magic mapping
 r - a scroll of immolation
 s - 2 scrolls of enchant armour
 G - a scroll of fear
 R - 2 scrolls of amnesia
Potions
 g - 8 potions of curing
 m - 4 potions of magic
 n - 4 potions of flight
 p - 4 potions of heal wounds
 x - a potion of invisibility
 z - 3 potions of degeneration
 A - a potion of brilliance
 C - 3 potions of lignification
 D - a potion of ambrosia {unknown}
 F - 2 potions of mutation {unknown}
Comestibles
 f - 19 rations


   Skills:
 + Level 9.1 Fighting
 + Level 12.4 Maces & Flails
 + Level 8.6 Armour
 + Level 10.7 Shields


You had 10 spell levels left.
You didn't know any spells.
Your spell library contained the following spells:

 Spells                   Type           Power        Failure   Level  Hunger
 Corona                   Hex            #......      99%         1    ##.....
 Ensorcelled Hibernation  Hex/Ice        #.....       100%        2    ###....
 Confuse                  Hex            #.......     100%        3    ####...
 Dazzling Spray           Conj/Hex       #.....       100%        3    ####...
 Tukima's Dance           Hex            #.......     100%        3    ####...


Dungeon Overview and Level Annotations

Branches:
Dungeon (10/15)            Temple (1/1) D:6            Lair (1/6) D:10
    Orc (0/2) D:9           Sewer (visited)         Ossuary (visited)

Altars:
Ashenzari
Cheibriados
Dithmenos
Elyvilon
Fedhas
Gozag
Hepliaklqana
Kikubaaqudgha
Makhleb
Okawaru
Qazlal
Ru
Sif Muna
Trog
Uskayaw
Vehumet
Wu Jian
Xom
Yredelemnul
Zin
The Shining One

Shops:
D:4 %   D:5 %   D:6 %[   D:9 *

Annotations:
D:9 2 transporters, Ceqiddiy's ghost, novice MiMo
Lair:1 sneaky's ghost, journeyman MiFi


Innate Abilities, Weirdness & Mutations

You are resistant to torment.
Your stone body is resilient. (AC +8)
You are immune to poison.
You resist negative energy. (rN+)
You are resistant to electric shocks. (rElec)
You can survive without breathing.
You are immune to petrification.
You are immune to rotting.


Message History

You hit sneaky's ghost but do no damage.
Sneaky's ghost is lightly damaged.
Sneaky's ghost hits you!
* * * LOW HITPOINT WARNING * * *
You bludgeon sneaky's ghost!!
Sneaky's ghost is moderately damaged.
You block sneaky's ghost's attack.
You bludgeon sneaky's ghost!!
Sneaky's ghost is severely damaged.
You block sneaky's ghost's attack.
You closely miss sneaky's ghost.
Sneaky's ghost is severely damaged.
Sneaky's ghost hits you!
* * * LOW HITPOINT WARNING * * *
x2 You hit sneaky's ghost.
Sneaky's ghost is severely damaged.
You barely miss sneaky's ghost.
Sneaky's ghost is severely damaged.
Sneaky's ghost hits you!!
You die...

######### #.(.(...# ##
#.....((# .## #..$....#
..# #....(..# ..##
#.$....♣# ...# ####
###''W### . . <.##
#..####....@..#.?.. ..##
#...................
...###...................
..#.##.............##....
...#...............# ##.
..................##
..................#
..................#
####...............#


You could see sneaky's ghost.

Vanquished Creatures
  A two-headed ogre (D:7)
  The ghost of Ruokin the Carver, a novice HuBe of Trog (D:8)
  An unseen horror (D:9)
  A deep elf mage (D:9)
  An ugly thing (D:9)
  2 trolls (D:10)
  A hornet (D:7)
  A hippogriff (D:10)
  A shadow (D:9)
  6 yaks
  4 wraiths
  3 wyverns
  4 hungry ghosts
  A porcupine (Lair:1)
  3 water moccasins
  2 sky beasts (D:9)
  8 orc warriors
  A black bear (D:8)
  A necrophage (D:9)
  An eye of draining (D:8)
  4 ice beasts
  6 phantoms
  4 ogres
  4 centaurs
  3 big kobolds
  3 bullfrogs
  A gnoll sergeant (D:9)
  2 scorpions
  A water moccasin skeleton (D:5)
  16 killer bees
  4 wights (D:7)
  3 howler monkeys
  7 crimson imps
  4 jellies
  4 centaur zombies
  A bullfrog skeleton (D:7)
  3 bullfrog zombies
  3 hounds
  8 orc priests
  Jessica (D:2)
  Natasha (thrice) (D:2)
  2 iguanas
  11 orc wizards
  9 worker ants
  2 killer bee zombies (D:9)
  A hound zombie (D:8)
  A hound skeleton (D:4)
  2 mummies (Ossuary)
  11 adders
  2 howler monkey skeletons
  A river rat (Sewer)
  A shadow imp (D:10)
  3 adder skeletons
  2 adder zombies
  3 worms (D:3)
  A dart slug (D:5)
  6 leopard geckos
  52 orcs
  A ball python (D:3)
  5 bats
  6 giant cockroaches
  5 goblins
  6 hobgoblins
  19 jackals
  15 kobolds
  5 quokkas
  3 frilled lizards
  2 goblin zombies (Ossuary)
  11 hobgoblin zombies (Ossuary)
  A jackal skeleton (D:3)
  2 jackal zombies (Ossuary)
  12 kobold zombies (Ossuary)
  A leopard gecko zombie (D:8)
  6 orc zombies (Ossuary)
  A quokka zombie (D:9)
  14 rats
  A plant (D:10)
355 creatures vanquished.

Vanquished Creatures (others)
  2 plants (D:10)
2 creatures vanquished.

Grand Total: 357 creatures vanquished

Notes
Turn   | Place    | Note
-------+----------+-------------------------------------------
     0 | D:1      | Edgeworth the Gargoyle Fighter began the quest for the Orb.
     0 | D:1      | Reached XP level 1. HP: 14/14 MP: 1/1
   167 | D:1      | Reached XP level 2. HP: 19/19 MP: 2/2
   630 | D:2      | Reached XP level 3. HP: 22/24 MP: 3/3
   854 | D:2      | Noticed Jessica
   859 | D:2      | Killed Jessica
   859 | D:2      | Reached skill level 3 in Maces & Flails
   859 | D:2      | Reached XP level 4. HP: 29/29 MP: 4/4
   932 | D:2      | Found an ornate altar of the Wu Jian Council.
  1009 | D:2      | Noticed Natasha
  1016 | D:2      | Killed Natasha
  1103 | D:2      | Noticed Natasha
  1111 | D:2      | Killed Natasha
  1111 | D:2      | Reached XP level 5. HP: 21/33 MP: 5/5
  1316 | D:2      | Noticed Natasha
  1328 | D:2      | Killed Natasha
  1353 | D:3      | Found a glowing drain.
  1376 | Sewer    | Entered a sewer
  1445 | Sewer    | Noticed a big kobold
  1468 | Sewer    | Killed a big kobold
  1468 | Sewer    | Reached skill level 4 in Maces & Flails
  1468 | Sewer    | Reached XP level 6. HP: 36/38 MP: 6/6
  1516 | Sewer    | Found a white marble altar of Elyvilon.
  1855 | D:3      | Noticed a water moccasin
  1864 | D:3      | Killed a water moccasin
  1864 | D:3      | Reached skill level 5 in Maces & Flails
  1864 | D:3      | Reached skill level 5 in Shields
  1864 | D:3      | Reached XP level 7. HP: 23/44 MP: 7/7
  2523 | D:4      | Found Xyzinea's Food Boutique.
  3164 | D:5      | Entered Level 5 of the Dungeon
  3482 | D:5      | Reached skill level 5 in Fighting
  3512 | D:5      | Reached skill level 6 in Maces & Flails
  3515 | D:5      | Found Romomos's Food Emporium.
  3536 | D:5      | Found a radiant altar of Vehumet.
  3688 | D:5      | Reached skill level 5 in Armour
  4051 | D:5      | Reached XP level 8. HP: 49/49 MP: 8/8
  4630 | D:6      | Found a staircase to the Ecumenical Temple.
  4654 | Temple   | Entered the Ecumenical Temple
  4672 | Temple   | Became a worshipper of Ashenzari the Shackled
  4776 | D:6      | Found Vununt's Armour Shop.
  4920 | D:6      | Found Rauleecrai's Food Shoppe.
  5086 | D:6      | Found a stormy altar of Qazlal.
  5186 | D:7      | Noticed a two-headed ogre
  5194 | D:7      | Killed a two-headed ogre
  5194 | D:7      | Reached skill level 8 in Maces & Flails
  5194 | D:7      | Reached XP level 9. HP: 55/55 MP: 9/9
  5452 | D:7      | Found a sand-covered staircase.
  5459 | Ossuary  | Entered an ossuary
  5569 | Ossuary  | Reached skill level 9 in Maces & Flails
  5791 | D:7      | Noticed a hornet
  5814 | D:7      | Killed a hornet
  6055 | D:8      | Reached XP level 10. HP: 41/61 MP: 10/10
  6202 | D:8      | Reached skill level 10 in Maces & Flails
  6445 | D:8      | Reached * piety under Ashenzari
  6445 | D:8      | Found a runed translucent gate.
  6446 | D:8      | Found a runed translucent gate.
  6447 | D:8      | Found a runed translucent gate.
  6449 | D:8      | Noticed Ruokin's ghost (novice HuBe)
  6641 | D:8      | Killed Ruokin's ghost
  6751 | D:6      | Bought the +0 pair of fencer's gloves {Riposte Dex+3} for
                  | 560 gold pieces
  6751 | D:6      | Found the +0 pair of fencer's gloves {Riposte Dex+3}
  7101 | D:9      | Reached skill level 11 in Maces & Flails
  7157 | D:9      | Reached XP level 11. HP: 68/68 MP: 11/11
  7417 | D:9      | Killed an unseen horror
  7689 | D:9      | Noticed a purple ugly thing
  7706 | D:9      | Killed a purple ugly thing
  7723 | D:9      | Noticed a deep elf mage
  7737 | D:9      | Killed a deep elf mage
  7758 | D:9      | Reached skill level 10 in Shields
  7890 | D:9      | Noticed a two-headed ogre
  7890 | D:9      | Noticed Ceqiddiy's ghost (novice MiMo)
  7890 | D:9      | Noticed a two-headed ogre
  7891 | D:9      | Identified the +7 halberd "Upudialoa" {flame, +Rage rC-
                  | Str+8}
  7891 | D:9      | Noticed a tengu warrior
  7896 | D:9      | Identified the +7 giant spiked club of Pigi {vamp, Dex+3
                  | Stlth+}
  7896 | D:9      | Noticed a two-headed ogre
  7897 | D:9      | Found a bloodstained altar of Trog.
  7898 | D:9      | Noticed a moth of wrath
  7921 | D:9      | Found a transporter.
  7933 | D:9      | Found a transporter.
  8128 | D:9      | Found a shimmering altar of Xom.
  8131 | D:9      | Found a white marble altar of Elyvilon.
  8133 | D:9      | Found an iron altar of Okawaru.
  8174 | D:9      | Reached skill level 12 in Maces & Flails
  8207 | D:9      | Found an opulent altar of Gozag.
  8207 | D:9      | Found Gozag's Platinum Reserve.
  8213 | D:9      | Found a staircase to the Orcish Mines.
  8383 | D:10     | Entered Level 10 of the Dungeon
  8777 | D:10     | Identified a scroll of acquirement
  9013 | D:10     | Identified the +6 dagger "Hydra's Nightmare" {pierce,
                  | *Corrode rElec rF+ Dex+5}
  9052 | D:10     | Found a sacrificial altar of Ru.
  9220 | D:10     | Found a staircase to the Lair.
  9293 | Lair:1   | Entered Level 1 of the Lair of Beasts
  9304 | Lair:1   | Found a runed translucent gate.
  9305 | Lair:1   | Found a runed translucent gate.
  9306 | Lair:1   | Found a runed translucent gate.
  9306 | Lair:1   | Found an opulent altar of Gozag.
  9315 | Lair:1   | Noticed sneaky's ghost (journeyman MiFi)
  9341 | Lair:1   | Mangled by sneaky's ghost

Skill      XL: |  1  2  3  4  5  6  7  8  9 10 11 |
---------------+----------------------------------+-----
Maces & Flails | 3 4 5 6 8 9 11 12 | 12.4
Shields        | 4 5 6 7 9 10 | 10.7
Fighting       | 4 5 6 7 9 |  9.1
Armour         | 4 5 6 7 8 |  8.6

Action                   |  1- 3 |  4- 6 |  7- 9 | 10-12 || total
-------------------------+-------+-------+-------+-------++-------
Melee: Flail             |   101 |       |   236 |   650 ||   987
       Mace              |    13 |   162 |   167 |       ||   342
Invok: Curse Item        |       |       |       |     4 ||     4
  Use: Scroll            |     2 |       |    18 |     6 ||    26
       Potion            |       |       |     3 |     3 ||     6
  Eat: Chunk             |       |     3 |     8 |    14 ||    25
       Ration            |       |       |     2 |     3 ||     5
Armor: Scale mail        |    63 |    72 |    25 |       ||   160
       Chain mail        |       |       |    75 |       ||    75
       Plate armour      |       |       |   147 |   342 ||   489
Dodge: Dodged            |    28 |    45 |    84 |   132 ||   289
Block: Shield            |    51 |    71 |   210 |   381 ||   713
       Rpst.: Flail      |       |       |       |    23 ||    23
